 Dungeon Crawl Stone Soup version 0.31.0-9-g3a7656b989 (webtiles) character file.

Game seed: 6834212250136722260

172 CaptainMV the Poker (level 5, 0/37 HPs)
             Began as a Demonspawn Wanderer on Feb 2, 2024.
             Slain by a gnoll
             ... wielding a +0 spear
              (6 damage)
             ... on level 4 of the Dungeon.
             The game lasted 00:18:45 (1927 turns).

CaptainMV the Poker (Demonspawn Wanderer)           Turns: 1927, Time: 00:18:48

Health: 0/37       AC:  6    Str: 22    XL:     5   Next: 27%
Magic:  9/9        EV: 11    Int: 14    God:
Gold:   127        SH:  4    Dex:  9    Spells: 5/9 levels left

rFire   . . .        a - +3 spear
rCold   . . .        (no shield)
rNeg    . . .        d - +0 leather armour
rPois   .            (no helmet)
rElec   .            n - scarf {harm}
rCorr   .            (no gloves)
SInv    .            e - +0 pair of boots
Will    .....        (no amulet)
Stlth   +            i - +6 ring of strength
HPRegen 0.26/turn    (no ring)
MPRegen 0.11/turn

%: harm (+30% outgoing, +20% incoming)
@: about to teleport
A: molten scales 1, powered by pain 1, condensation shield
a: no special abilities


You were on level 4 of the Dungeon.
You visited 1 branch of the dungeon, and saw 4 of its levels.

You collected 127 gold pieces.

Inventory:

Hand Weapons
 a - a +3 spear (weapon)
 b - the +9 sling "Cuhaemn" {antimagic, rCorr}
   (You found it on level 3 of the Dungeon)

   rCorr:     It protects you from acid and corrosion.
Missiles
 g - 3 poisoned darts
 s - 4 javelins (quivered)
Armour
 d - a +0 leather armour (worn)
 e - a +0 pair of boots (worn)
 n - a scarf of harm (worn)
Magical Staves
 k - a staff of air
Jewellery
 i - a +6 ring of strength (left hand)
Wands
 o - a wand of flame (5)
Scrolls
 f - a scroll of poison
 p - 2 scrolls of enchant weapon
Potions
 c - a potion of berserk rage
 h - a potion of lignification {unknown}
 j - 2 potions of curing
 l - 2 potions of might {unknown}
 m - a potion of mutation {unknown}
 q - a potion of cancellation {unknown}


   Skills:
 + Level 1.4 Fighting
 + Level 3.2 Polearms
 + Level 0.1 Ranged Weapons
 + Level 0.3 Throwing
 + Level 1.5 Armour
 + Level 0.4 Dodging
 + Level 1.3 Stealth
 + Level 0.5 Shields
 + Level 2.6 Spellcasting
 + Level 2.1 Ice Magic
 - Level 3.1 Evocations


You had 5 spell levels left.
You knew the following spells:

 Your Spells              Type           Power      Damage    Failure   Level
a - Freeze                Ice            28%        1d5       11%         1
b - Ozocubu's Armour      Ice            7%         N/A       30%         3

Your spell library contained the following spells:

 Spells                   Type           Power      Damage    Failure   Level
 Call Imp                 Summ           2%         N/A       36%         2
 Sublimation of Blood     Necr           1%         N/A       36%         2
 Summon Ice Beast         Ice/Summ       4%         N/A       43%         3
 Summon Mana Viper        Hex/Summ       1%         N/A       100%        5
 Monstrous Menagerie      Summ           0%         N/A       100%        7
 Summon Hydra             Summ           0%         N/A       100%        7


Dungeon Overview and Level Annotations

Branches:
Dungeon (4/15)
 Temple: D:4-7

Altars:

Shops:
D:1 =


Innate Abilities, Weirdness & Mutations

You are partially covered in molten scales. (AC +2)
You sometimes gain a little power by taking damage.
A meltable shield of frost defends you. (SH +4)


Message History

Okay, then.
A gnoll comes into view. It is wielding a +0 spear.
The gnoll shouts!
A gnoll comes into view. It is wielding a +0 flail.
The gnoll shouts!
A gnoll comes into view. It is wielding a +0 flail.
The gnoll shouts!
Reach: a) +3 spear
Press: ? - help, Dir - move target, f - gnoll
Aim: a gnoll, wielding a +0 spear (about 35% to evade your +3 spear)
You reach to attack!
You hit the gnoll.
The gnoll is lightly wounded.
Reach: a) +3 spear
Press: ? - help, Dir - move target, f/p - gnoll
Aim: a gnoll, wielding a +0 spear (lightly wounded, about 35% to evade your +3 spear)
You reach to attack!
You hit the gnoll.
The gnoll is moderately wounded.
The gnoll hits you from afar with a +0 spear.
You barely miss the gnoll. The gnoll closely misses you.
You block the gnoll's attack.
You barely miss the gnoll.
The gnoll hits you from afar with a +0 spear.
The gnoll hits you with a +0 flail.
You completely miss the gnoll.
The gnoll hits you from afar with a +0 spear.
The gnoll hits you with a +0 flail.
You puncture the gnoll!
The gnoll is almost dead.
The gnoll hits you with a +0 flail! You block the gnoll's attack.
The gnoll hits you with a +0 flail.
* * * LOW HITPOINT WARNING * * *
As you read the scroll of teleportation, it crumbles to dust.
You feel strangely unstable. The gnoll misses you.
The gnoll hits you with a +0 flail.
* * * LOW HITPOINT WARNING * * *
The gnoll barely misses you.
You feel better. The gnoll hits you with a +0 flail.
* * * LOW HITPOINT WARNING * * *
The gnoll hits you from afar with a +0 spear.
You die...

....... .......
....... .......
.......
.....g.########
#...g......#
#..g@......#
#..........#
#..........#
#......<...#
#..........#
...?##########
.... .... ..


You could see 3 gnolls.

Vanquished Creatures
  Natasha (thrice) (D:2)
  5 adders
  2 dart slugs
  3 ribbon worms
  4 endoplasms
  4 giant cockroaches
  2 goblins
  2 hobgoblins
  A kobold (D:1)
  3 quokkas
  4 ball pythons
  5 bats
  4 frilled lizards
  3 rats
45 creatures vanquished.

Notes
Turn   | Place    | Note
-------+----------+-------------------------------------------
     0 | D:1      | CaptainMV the Demonspawn Wanderer began the quest for the
                  | Orb.
     0 | D:1      | CaptainMV set off with the following items: a +2 spear, a
                  | wand of flame (5), a potion of berserk rage, a +0 leather
                  | armour; and the following spell memorised: Freeze; and the
                  | following spells available to memorise: Ozocubu's Armour.
     0 | D:1      | Reached XP level 1. HP: 15/15 MP: 3/3
    72 | D:1      | Found Angequd's Jewellery Shop.
   237 | D:1      | Gained mutation: You are partially covered in molten
                  | scales. (AC +2) [demonic ancestry]
   237 | D:1      | Reached XP level 2. HP: 21/21 MP: 1/5
   513 | D:2      | Noticed Natasha
   519 | D:2      | Killed Natasha
   520 | D:2      | Reached skill level 1 in Armour
   520 | D:2      | Reached skill level 1 in Stealth
   520 | D:2      | Gained mutation: A meltable shield of frost defends you.
                  | (SH +4) [demonic ancestry]
   520 | D:2      | Reached XP level 3. HP: 5/26 MP: 0/6
   601 | D:2      | Learned a level 3 spell: Ozocubu's Armour
   659 | D:2      | Identified the +7 scale mail of Indemnity {Rampage rPois
                  | MP+9 Str+3}
   741 | D:2      | Noticed Natasha
   756 | D:2      | Killed Natasha
   757 | D:2      | Reached XP level 4. HP: 10/32 MP: 0/7
  1258 | D:2      | Noticed Natasha
  1273 | D:2      | Killed Natasha
  1274 | D:2      | Gained mutation: You sometimes gain a little power by
                  | taking damage. [demonic ancestry]
  1274 | D:2      | Reached XP level 5. HP: 9/37 MP: 0/8
  1348 | D:3      | Identified the +9 sling "Cuhaemn" {antimagic, rCorr}
  1927 | D:4      | Slain by a gnoll

Illustrated notes

Levels and vault maps discovered:
D:1:      psy_arrival_spokes, layout_basic, serial_shops,
          nicolae_shop_gaudy_bauble, chequers_jeans, chequers_decorated_corner
D:2:      layout_loops_ring, minmay_pentomino_t4, uniq_natasha
D:3:      layout_loops_cross, saegor_snake_ambush
D:4:      layout_gridville

Skill      XL: |  1  2  3 |
---------------+----------+-----
Armour         | 1 |  1.5
Stealth        | 1 |  1.3
Polearms       | 3 |  3.2
Ice Magic      | 2 |  2.1
Fighting       | |  1.4
Ranged Weapons | |  0.1
Throwing       | |  0.3
Dodging        | |  0.4
Shields        | |  0.5
Spellcasting   | |  2.6
Evocations     | |  3.1

Action                     |  1- 3 |  4- 6 || total
---------------------------+-------+-------++-------
  Melee: Spear             |    59 |    66 ||   125
   Fire: Sling             |       |     2 ||     2
  Throw: Dart              |     5 |     5 ||    10
   Cast: Freeze            |    24 |     4 ||    28
         Ozocubu's Armour  |     1 |     1 ||     2
    Use: Scroll            |     6 |     1 ||     7
         Potion            |     1 |     1 ||     2
   Stab: Sleeping          |     2 |     1 ||     3
 Armour: Leather armour    |    46 |    39 ||    85
  Dodge: Dodged            |    33 |    24 ||    57
  Block: Other             |     7 |     8 ||    15
